TOP OF THE 1ST |
Augusta Timber Hawks batting - Pitching for Sylvania Maple Leaves : RHP Jim Unknown
|
Pitching: RHP Jim Unknown
|
|
Batting: LHB Jorge Lucero
|
0-0: Foul Ball, location: 2F 0-1: Ground out 6-3 (Groundball, 6M)
|
Batting: LHB Freddy Gonzáles
|
0-0: Ball 1-0: Ball 2-0: SINGLE (Groundball, 6MD)
|
Batting: LHB Juan Rodríguez
|
0-0: Called Strike 0-1: Called Strike 0-2: Ball 1-2: Ball 2-2: Ball 3-2: Base on Balls Freddy Gonzáles to second
|
Batting: LHB Kyle Bass
|
0-0: Ball 1-0: Ball 2-0: Ball Wild Pitch! Freddy Gonzáles to third Juan Rodríguez to second 3-0: Called Strike 3-1: Ground out 4-3 (Groundball, 4) Freddy Gonzáles scores Juan Rodríguez to third
|
Batting: RHB Octávio Aguilar
|
0-0: Ball 1-0: Foul Ball, location: 2F 1-1: Foul Ball, location: 2F 1-2: Ball 2-2: Strikes out swinging
|
Top of the 1st over - 1 run(s), 1 hit(s), 0 error(s), 1 left on base; Augusta 1 - Sylvania 0 |
BOTTOM OF THE 1ST |
Sylvania Maple Leaves batting - Pitching for Augusta Timber Hawks : RHP Alex Sullivan
|
Pitching: RHP Alex Sullivan
|
|
Batting: RHB Kenny Norton
|
0-0: Ball 1-0: Ball 2-0: Called Strike 2-1: Ball 3-1: DOUBLE (Line Drive, 5L)
|
Batting: RHB Bernardo Márquez
|
0-0: Called Strike 0-1: SINGLE (Groundball, 56S) Kenny Norton to third Runner from 3rd tries for Home, SAFE, no throw or cutoff
|
Batting: RHB Harris Harden
|
0-0: Called Strike 0-1: Ball 1-1: Called Strike 1-2: Strikes out swinging
|
Batting: LHB Iván Gonzáles
|
0-0: Ball 1-0: Fly out, F7 (Flyball, 7M)
|
Batting: LHB Daniel Ruíz
|
0-0: Called Strike 0-1: Foul Ball, location: 2F 0-2: Fly out, F2 (Popup, 2LF)
|
Bottom of the 1st over - 1 run(s), 2 hit(s), 0 error(s), 1 left on base; Augusta 1 - Sylvania 1 |
TOP OF THE 2ND |
Augusta Timber Hawks batting - Pitching for Sylvania Maple Leaves : RHP Jim Unknown
|
Batting: SHB Lawrence Franklin
|
0-0: Called Strike 0-1: Ball 1-1: Ball 2-1: Fly out, F4 (Line Drive, 4)
|
Batting: RHB Dave Bush
|
0-0: Ball 1-0: Ball 2-0: Foul Ball, location: 2F 2-1: Fly out, F8 (Flyball, 8RM)
|
Batting: RHB Brit Fleming
|
0-0: Ball 1-0: Called Strike 1-1: Swinging Strike 1-2: Ground out 4-3 (Groundball, 4)
|
Top of the 2nd over - 0 run(s), 0 hit(s), 0 error(s), 0 left on base; Augusta 1 - Sylvania 1 |
BOTTOM OF THE 2ND |
Sylvania Maple Leaves batting - Pitching for Augusta Timber Hawks : RHP Alex Sullivan
|
Batting: LHB Jim Unknown
|
0-0: Ball 1-0: Called Strike 1-1: Ground out 1-3 (Groundball, 13)
|
Batting: RHB Jim Unknown
|
0-0: Called Strike 0-1: Ground out 4-3 (Groundball, 4)
|
Batting: RHB José Valdéz
|
0-0: Called Strike 0-1: Ball 1-1: Ball 2-1: Ground out 5-3 (Groundball, 5L)
|
Bottom of the 2nd over - 0 run(s), 0 hit(s), 0 error(s), 0 left on base; Augusta 1 - Sylvania 1 |
TOP OF THE 3RD |
Augusta Timber Hawks batting - Pitching for Sylvania Maple Leaves : RHP Jim Unknown
|
Batting: SHB Tom Montgomery
|
0-0: Foul Ball, location: 2F 0-1: Ball 1-1: Ball 2-1: Foul Ball, location: 2F 2-2: Ball 3-2: Foul Ball, location: 2F 3-2: Ground out 3-1 (Groundball, 34)
|
Batting: LHB Jorge Lucero
|
0-0: Ball 1-0: Called Strike 1-1: Ball 2-1: Ground out 5-3 (Groundball, 5S)
|
Batting: LHB Freddy Gonzáles
|
0-0: Called Strike 0-1: SINGLE (Flyball, 9LS)
|
Batting: LHB Juan Rodríguez
|
0-0: Called Strike 0-1: Called Strike 0-2: Strikes out swinging
|
Top of the 3rd over - 0 run(s), 1 hit(s), 0 error(s), 1 left on base; Augusta 1 - Sylvania 1 |
BOTTOM OF THE 3RD |
Sylvania Maple Leaves batting - Pitching for Augusta Timber Hawks : RHP Alex Sullivan
|
Batting: LHB Chris Randolph
|
0-0: Ball 1-0: Foul Ball, location: 2F 1-1: SINGLE (Line Drive, 56)
|
Batting: RHB Kenny Norton
|
0-0: Ball 1-0: SINGLE (Line Drive, 89M) Chris Randolph to second
|
Batting: RHB Bernardo Márquez
|
0-0: Fly out, F3 (Popup, 3)
|
Batting: RHB Harris Harden
|
0-0: Ground out 5-3 (Groundball, 5S) Chris Randolph to third Kenny Norton to second
|
Batting: LHB Iván Gonzáles
|
0-0: Called Strike 0-1: Fly out, F9 (Flyball, 9LM)
|
Bottom of the 3rd over - 0 run(s), 2 hit(s), 0 error(s), 2 left on base; Augusta 1 - Sylvania 1 |
TOP OF THE 4TH |
Augusta Timber Hawks batting - Pitching for Sylvania Maple Leaves : RHP Jim Unknown
|
Batting: LHB Kyle Bass
|
0-0: Ball 1-0: Called Strike 1-1: Ball 2-1: Foul Ball, location: 2F 2-2: TRIPLE (Line Drive, 9M)
|
Batting: RHB Octávio Aguilar
|
0-0: Foul Ball, location: 2F 0-1: Swinging Strike 0-2: Ball 1-2: Ball 2-2: Ball 3-2: Foul Ball, location: 2F 3-2: Foul Ball, location: 2F 3-2: Ground out 6-3 (Groundball, 6M) Kyle Bass scores
|
Batting: SHB Lawrence Franklin
|
0-0: Called Strike 0-1: Foul Ball, location: 2F 0-2: Ball 1-2: Strikes out swinging
|
Batting: RHB Dave Bush
|
0-0: Foul Ball, location: 2F 0-1: Ball 1-1: Hit by Pitch
|
Batting: RHB Brit Fleming
|
0-0: Swinging Strike 0-1: Fly out, F4 (Popup, 3)
|
Top of the 4th over - 1 run(s), 1 hit(s), 0 error(s), 1 left on base; Augusta 2 - Sylvania 1 |
BOTTOM OF THE 4TH |
Sylvania Maple Leaves batting - Pitching for Augusta Timber Hawks : RHP Alex Sullivan
|
Batting: LHB Daniel Ruíz
|
0-0: Ball 1-0: Ball 2-0: Called Strike 2-1: Swinging Strike 2-2: Ball 3-2: Base on Balls
|
Batting: LHB Jim Unknown
|
0-0: Called Strike 0-1: Ball 1-1: Foul Ball, location: 2F 1-2: Strikes out swinging
|
Batting: RHB Jim Unknown
|
0-0: Called Strike 0-1: Ball 1-1: Foul Ball, location: 2F 1-2: Ball 2-2: Ball 3-2: Base on Balls Daniel Ruíz to second
|
Batting: RHB José Valdéz
|
0-0: Called Strike 0-1: Ball 1-1: Ball 2-1: Ball 3-1: Base on Balls Daniel Ruíz to third Jim Unknown to second
|
Batting: LHB Chris Randolph
|
0-0: Fly out, F8 (Popup, 89S)
|
Batting: RHB Kenny Norton
|
0-0: Called Strike 0-1: SINGLE (Flyball, 9LS) Daniel Ruíz scores Jim Unknown to third José Valdéz to second Runner from 3rd tries for Home, SAFE, no throw or cutoff
|
Batting: RHB Bernardo Márquez
|
0-0: Ball 1-0: Foul Ball, location: 2F 1-1: Ground out 4-3 (Groundball, 4)
|
Bottom of the 4th over - 2 run(s), 1 hit(s), 0 error(s), 2 left on base; Augusta 2 - Sylvania 3 |
TOP OF THE 5TH |
Augusta Timber Hawks batting - Pitching for Sylvania Maple Leaves : RHP Jim Unknown
|
Batting: SHB Tom Montgomery
|
0-0: Called Strike 0-1: Called Strike 0-2: SINGLE (Line Drive, 8RS)
|
Batting: LHB Jorge Lucero
|
0-0: Ball 1-0: Ball 2-0: Called Strike 2-1: Called Strike 2-2: Foul Ball, location: 2F 2-2: Ball 3-2: Foul Ball, location: 2F 3-2: Base on Balls Tom Montgomery to second
|
Batting: LHB Freddy Gonzáles
|
0-0: Sac Bunt - play at first, batter OUT! 1-4 Tom Montgomery to third Jorge Lucero to second
|
Batting: LHB Juan Rodríguez
|
0-0: Ball 1-0: DOUBLE (Popup, 7LS) Tom Montgomery scores Jorge Lucero scores
|
Batting: LHB Kyle Bass
|
0-0: Fly out, F8 (Flyball, 8RXD) Runner from 2nd tags up, SAFE at 3rd, no throw
|
Batting: RHB Octávio Aguilar
|
0-0: Ball 1-0: Called Strike 1-1: Swinging Strike 1-2: Ball 2-2: Ground out 6-3 (Groundball, 6)
|
Top of the 5th over - 2 run(s), 2 hit(s), 0 error(s), 1 left on base; Augusta 4 - Sylvania 3 |
BOTTOM OF THE 5TH |
Sylvania Maple Leaves batting - Pitching for Augusta Timber Hawks : RHP Alex Sullivan
|
Batting: RHB Harris Harden
|
0-0: Ball 1-0: Ball 2-0: Ball 3-0: Base on Balls
|
Batting: LHB Iván Gonzáles
|
0-0: Ball 1-0: SINGLE (Groundball, 34) (infield hit) Harris Harden to second
|
Batting: LHB Daniel Ruíz
|
0-0: Called Strike 0-1: 3-RUN HOME RUN (Flyball, 9D), Distance : 376 ft
|
Pitching: RHP Michel Neveu
|
|
Batting: LHB Jim Unknown
|
0-0: Called Strike 0-1: Swinging Strike 0-2: Strikes out swinging
|
Batting: RHB Jim Unknown
|
0-0: Ball 1-0: Ball 2-0: Ball 3-0: Called Strike 3-1: Called Strike 3-2: Base on Balls
|
Batting: RHB José Valdéz
|
0-0: Foul Ball, location: 2F 0-1: Foul Ball, location: 2F 0-2: Ball 1-2: Strikes out swinging
|
Batting: LHB Chris Randolph
|
0-0: Ball 1-0: Ball 2-0: SINGLE (Groundball, 5D) Jim Unknown to second
|
Batting: RHB Kenny Norton
|
0-0: Ball 1-0: Ball 2-0: Swinging Strike 2-1: Foul Ball, location: 2F 2-2: Ground out 4-3 (Groundball, 4S)
|
Bottom of the 5th over - 3 run(s), 3 hit(s), 0 error(s), 2 left on base; Augusta 4 - Sylvania 6 |
TOP OF THE 6TH |
Augusta Timber Hawks batting - Pitching for Sylvania Maple Leaves : RHP Jim Unknown
|
Batting: SHB Lawrence Franklin
|
0-0: Foul Ball, location: 2F 0-1: Called Strike 0-2: Foul Ball, location: 2F 0-2: Ball 1-2: Ground out 4-3 (Groundball, 34)
|
Batting: RHB Dave Bush
|
0-0: Ball 1-0: Foul Ball, location: 2F 1-1: Fly out, F8 (Line Drive, 78D)
|
Batting: RHB Brit Fleming
|
0-0: SINGLE (Line Drive, 6D)
|
Pitching: RHP Paul Nance
|
|
Batting: SHB Tom Montgomery
|
0-0: Reached on error, E4 (Groundball, 4) Brit Fleming to third
|
Batting: LHB Jorge Lucero
|
0-0: Called Strike 0-1: Called Strike 0-2: Strikes out looking
|
Top of the 6th over - 0 run(s), 1 hit(s), 1 error(s), 2 left on base; Augusta 4 - Sylvania 6 |
BOTTOM OF THE 6TH |
Sylvania Maple Leaves batting - Pitching for Augusta Timber Hawks : RHP Michel Neveu
|
Batting: RHB Bernardo Márquez
|
0-0: Ball 1-0: Ground out 4-3 (Groundball, 4)
|
Batting: RHB Harris Harden
|
0-0: Ball 1-0: Ball 2-0: Ground out 6-3 (Groundball, 6)
|
Batting: LHB Iván Gonzáles
|
0-0: Ball 1-0: Ball 2-0: Called Strike 2-1: Ball 3-1: Swinging Strike 3-2: Strikes out looking
|
Bottom of the 6th over - 0 run(s), 0 hit(s), 0 error(s), 0 left on base; Augusta 4 - Sylvania 6 |
TOP OF THE 7TH |
Augusta Timber Hawks batting - Pitching for Sylvania Maple Leaves : RHP Paul Nance
|
Batting: LHB Freddy Gonzáles
|
0-0: Foul Ball, location: 2F 0-1: Ball 1-1: Called Strike 1-2: Ball 2-2: Strikes out swinging
|
Batting: LHB Juan Rodríguez
|
0-0: Called Strike 0-1: SOLO HOME RUN (Line Drive, 9D), Distance : 378 ft
|
Batting: LHB Kyle Bass
|
0-0: Ball 1-0: Called Strike 1-1: Foul Ball, location: 2F 1-2: Ball 2-2: Strikes out looking
|
Batting: RHB Octávio Aguilar
|
0-0: Foul Ball, location: 2F 0-1: Ball 1-1: Ground out 5-3 (Groundball, 5S)
|
Top of the 7th over - 1 run(s), 1 hit(s), 0 error(s), 0 left on base; Augusta 5 - Sylvania 6 |
BOTTOM OF THE 7TH |
Sylvania Maple Leaves batting - Pitching for Augusta Timber Hawks : RHP Michel Neveu
|
Pitching: LHP Jorge Ybarra
|
|
Batting: LHB Daniel Ruíz
|
0-0: Called Strike 0-1: Ball 1-1: Called Strike 1-2: Foul Ball, location: 2F 1-2: Strikes out swinging
|
Pitching: RHP Joel Harris
|
|
Batting: LHB Jim Unknown
|
0-0: Ball 1-0: Swinging Strike 1-1: Ball 2-1: Foul Ball, location: 2F 2-2: SINGLE (Line Drive, 4M)
|
Batting: RHB Jim Unknown
|
0-0: Foul Ball, location: 2F 0-1: Ground out 4-3 (Groundball, 4M) Jim Unknown to second
|
Pinch Hitting: LHB Rafael Álvarez
|
0-0: Ground out 4-3 (Groundball, 4)
|
Bottom of the 7th over - 0 run(s), 1 hit(s), 0 error(s), 1 left on base; Augusta 5 - Sylvania 6 |
TOP OF THE 8TH |
Augusta Timber Hawks batting - Pitching for Sylvania Maple Leaves : RHP Paul Nance
|
Now at 2B: Jim Unknown
|
|
Batting: SHB Lawrence Franklin
|
0-0: Called Strike 0-1: Swinging Strike 0-2: Strikes out swinging
|
Batting: RHB Dave Bush
|
0-0: Foul Ball, location: 2F 0-1: Ball 1-1: Foul Ball, location: 2F 1-2: Foul Ball, location: 2F 1-2: Ball 2-2: DOUBLE (Flyball, 78D)
|
Batting: RHB Brit Fleming
|
0-0: Ball 1-0: Ball 2-0: Called Strike 2-1: DOUBLE (Flyball, 9LM) Dave Bush scores
|
Pitching: RHP Jim Unknown
|
|
Batting: SHB Tom Montgomery
|
0-0: Fly out, F9 (Flyball, 9M)
|
Batting: LHB Jorge Lucero
|
0-0: Ball 1-0: Swinging Strike 1-1: Ground out 1-3 (Groundball, 13)
|
Top of the 8th over - 1 run(s), 2 hit(s), 0 error(s), 1 left on base; Augusta 6 - Sylvania 6 |
BOTTOM OF THE 8TH |
Sylvania Maple Leaves batting - Pitching for Augusta Timber Hawks : RHP Joel Harris
|
Batting: LHB Chris Randolph
|
0-0: SINGLE (Line Drive, 4MD)
|
Batting: RHB Kenny Norton
|
0-0: Bunted foul 0-1: Bunted foul 0-2: Foul Ball, location: 2F 0-2: TRIPLE (Line Drive, 9LS) Chris Randolph scores
|
Batting: RHB Bernardo Márquez
|
0-0: Foul Ball, location: 2F 0-1: Ball 1-1: Foul Ball, location: 2F 1-2: Ground out 6-3 (Groundball, 6M)
|
Batting: RHB Harris Harden
|
0-0: Ball 1-0: Ball 2-0: Foul Ball, location: 2F 2-1: Ball 3-1: Base on Balls
|
Batting: LHB Iván Gonzáles
|
0-0: Fly out, F4 (Popup, 4)
|
Batting: LHB Daniel Ruíz
|
0-0: Called Strike 0-1: Swinging Strike 0-2: Foul Ball, location: 2F 0-2: Fly out, F8 (Flyball, 8LM)
|
Bottom of the 8th over - 1 run(s), 2 hit(s), 0 error(s), 2 left on base; Augusta 6 - Sylvania 7 |
TOP OF THE 9TH |
Augusta Timber Hawks batting - Pitching for Sylvania Maple Leaves : RHP Jim Unknown
|
Pitching: RHP Kenny DeBenham
|
|
Batting: LHB Freddy Gonzáles
|
0-0: Ball 1-0: Swinging Strike 1-1: SOLO HOME RUN (Flyball, 89XD), Distance : 409 ft
|
Batting: LHB Juan Rodríguez
|
0-0: Called Strike 0-1: Foul Ball, location: 2F 0-2: Ball 1-2: Strikes out looking
|
Batting: LHB Kyle Bass
|
0-0: Foul Ball, location: 2F 0-1: Fly out, F4 (Popup, 4)
|
Batting: RHB Octávio Aguilar
|
0-0: Ball 1-0: Foul Ball, location: 2F 1-1: Ball 2-1: Ground out 1-3 (Groundball, 23)
|
Top of the 9th over - 1 run(s), 1 hit(s), 0 error(s), 0 left on base; Augusta 7 - Sylvania 7 |
BOTTOM OF THE 9TH |
Sylvania Maple Leaves batting - Pitching for Augusta Timber Hawks : RHP Joel Harris
|
Pitching: RHP Travis Hall
|
|
Batting: LHB Jim Unknown
|
0-0: Called Strike 0-1: Ground out 5-3 (Groundball, 56S)
|
Batting: RHB Jim Unknown
|
0-0: Called Strike 0-1: Ball 1-1: Called Strike 1-2: Ball 2-2: Strikes out swinging
|
Batting: SHB Jim Unknown
|
0-0: SINGLE (Groundball, 34D)
|
Batting: LHB Chris Randolph
|
0-0: SINGLE (Groundball, 56) Jim Unknown to second
|
Batting: RHB Kenny Norton
|
0-0: Called Strike 0-1: Swinging Strike 0-2: Strikes out looking
|
Bottom of the 9th over - 0 run(s), 2 hit(s), 0 error(s), 2 left on base; Augusta 7 - Sylvania 7 |
TOP OF THE 10TH |
Augusta Timber Hawks batting - Pitching for Sylvania Maple Leaves : RHP Kenny DeBenham
|
Batting: SHB Lawrence Franklin
|
0-0: Called Strike 0-1: Ball 1-1: Ball 2-1: Swinging Strike 2-2: Reached on error, E5 (Groundball, 56)
|
Pinch Hitting: LHB Randy Stevens
|
0-0: Ball 1-0: Ball 2-0: Ground out 4-3 (Groundball, 4) Lawrence Franklin to third
|
Pinch Hitting: RHB Mark Cunningham
|
0-0: Intentional Walk
|
Batting: SHB Tom Montgomery
|
0-0: Ball 1-0: Ball 2-0: Fly out, F7 (Flyball, 8LD) Runner from 3rd tags up, SCORES, no throw
|
Pitching: LHP Jim Unknown
|
|
Pinch Hitting: RHB Brian Olivares
|
0-0: Foul Ball, location: 2F 0-1: Called Strike 0-2: Strikes out swinging
|
Top of the 10th over - 1 run(s), 0 hit(s), 1 error(s), 1 left on base; Augusta 8 - Sylvania 7 |
BOTTOM OF THE 10TH |
Sylvania Maple Leaves batting - Pitching for Augusta Timber Hawks : RHP Travis Hall
|
Now at C: Trey Clark
|
|
Now at SS: Mark Cunningham
|
|
Now in LF: William Jefferson
|
|
Batting: RHB Bernardo Márquez
|
0-0: Called Strike 0-1: Foul Ball, location: 2F 0-2: DOUBLE (Flyball, 8LM)
|
Batting: RHB Harris Harden
|
0-0: Reached on error, E5 (Groundball, 15S) Bernardo Márquez scores
|
Batting: LHB Iván Gonzáles
|
0-0: Intentional Walk
|
Batting: LHB Daniel Ruíz
|
0-0: Grounds into double play, 6-4-3 (Groundball, 6) Harris Harden to third
|
Batting: LHB Jim Unknown
|
0-0: Ball 1-0: Ball 2-0: Called Strike 2-1: Fly out, F7 (Flyball, 78M)
|
Bottom of the 10th over - 1 run(s), 1 hit(s), 1 error(s), 1 left on base; Augusta 8 - Sylvania 8 |
TOP OF THE 11TH |
Augusta Timber Hawks batting - Pitching for Sylvania Maple Leaves : LHP Jim Unknown
|
Pinch Hitting: RHB Ed Farías
|
0-0: Foul Ball, location: 2F 0-1: Ball 1-1: Ball 2-1: Ground out 6-3 (Groundball, 6M)
|
Batting: LHB Juan Rodríguez
|
0-0: Ball 1-0: Ball 2-0: Ball 3-0: Foul Ball, location: 2F 3-1: Fly out, F9 (Line Drive, 9M)
|
Batting: LHB Kyle Bass
|
0-0: Ball 1-0: Ball 2-0: Called Strike 2-1: Ground out 4-3 (Groundball, 4)
|
Top of the 11th over - 0 run(s), 0 hit(s), 0 error(s), 0 left on base; Augusta 8 - Sylvania 8 |
BOTTOM OF THE 11TH |
Sylvania Maple Leaves batting - Pitching for Augusta Timber Hawks : RHP Travis Hall
|
Pitching: LHP Josh Cox
|
|
Now at 2B: Ed Farías
|
|
Batting: RHB Jim Unknown
|
0-0: Ball 1-0: Swinging Strike 1-1: Ball 2-1: Foul Ball, location: 2F 2-2: SINGLE (Groundball, 56)
|
Batting: SHB Jim Unknown
|
0-0: Sac Bunt - play at first, batter OUT! 1-4 Jim Unknown to second
|
Batting: LHB Chris Randolph
|
0-0: Foul Ball, location: 2F 0-1: Called Strike 0-2: Strikes out swinging
|
Batting: RHB Kenny Norton
|
0-0: Ball 1-0: DOUBLE (Line Drive, 3D) Jim Unknown scores
|
|